 Dungeon Crawl Stone Soup version 0.28.0-45-g0d030f2227 (webtiles) character file.

Game seed: 1000914559419624221

492 mortz the Gusty (level 7, -2/36 HPs)
             Began as a Tengu Air Elementalist on Apr 20, 2022.
             Slain by a sky beast (6 damage)
             ... on level 4 of the Dungeon.
             The game lasted 00:22:56 (4750 turns).

mortz the Gusty (Tengu Air Elementalist)            Turns: 4750, Time: 00:22:57

Health: -2/36      AC:  5    Str:  8    XL:     7   Next: 14%
Magic:  14/14      EV: 15    Int: 18    God:
Gold:   189        SH:  0    Dex: 14    Spells: 11/14 levels left

rFire   + + .      SeeInvis .   q - +6 mace of Unreason {vorpal, Fly rF+, mace}
rCold   + . .      Faith    .   (no shield)
rNeg    . . .      Spirit   .   a - +0 robe
rPois   .          Reflect  .   i - +0 hat
rElec   .          Harm     .   l - +2 cloak
rCorr   .          Rampage  .   (no gloves)
Will    .....                   (boots unavailable)
Stlth   ++........              (no amulet)
HPRegen 0.12/turn               m - ring of protection from cold
MPRegen 0.14/turn               y - ring of protection from fire

@: flying quickly and evasively, quick
A: beak, talons 3, nimble flight
a: no special abilities


You were on level 4 of the Dungeon.
You visited 1 branch of the dungeon, and saw 5 of its levels.

You collected 189 gold pieces.


Innate Abilities, Weirdness & Mutations

You have a beak for a mouth.
You have claws for feet.
Your magical nature lets you fly swiftly and evasively.


   Skills:
 + Level 2.8 Dodging
 + Level 2.5 Stealth
 + Level 4.0 Spellcasting
 + Level 4.8 Conjurations
 + Level 6.6 Air Magic
 * Level 1.3 Poison Magic


You had 11 spell levels left.
You knew the following spells:

 Your Spells              Type           Power      Damage    Failure   Level
a - Shock                 Conj/Air       96%        1d9       1%          1
b - Static Discharge      Conj/Air       24%        N/A       2%          2

Your spell library contained the following spells:

 Spells                   Type           Power      Damage    Failure   Level
 Swiftness                Air            27%        N/A       2%          3
 Mephitic Cloud           Conj/Pois/Air  19%        N/A       8%          3
 Airstrike                Air            13%        N/A       10%         4
 Ensorcelled Hibernation  Hex/Ice        6%         N/A       22%         2
 Passwall                 Tmut/Erth      2%         N/A       22%         2
 Ignite Poison            Fire/Tmut/Pois 5%         N/A       36%         3
 Freezing Cloud           Conj/Ice/Air   8%         6-21      65%         5

Inventory:

Hand Weapons
 c - a +0 hand axe {axe}
   (You found it on level 1 of the Dungeon)
 e - a +1 flail of protection {mace}
   (You found it on level 1 of the Dungeon)
 g - a +0 dagger of electrocution {short}
   (You took it off a kobold on level 1 of the Dungeon)
 q - the +6 mace of Unreason (weapon) {vorpal, Fly rF+, mace}
   (You found it on level 2 of the Dungeon)

   It inflicts extra damage upon your enemies.
   rF:        It protects you from fire.
   Fly:       It grants you flight.
Missiles
 b - 79 stones {throwing}
Armour
 a - a +0 robe (worn)
 f - a +0 leather armour
   (You found it on level 1 of the Dungeon)
 i - a +0 hat (worn)
   (You found it on level 1 of the Dungeon)
 l - a +2 cloak (worn)
   (You found it on level 3 of the Dungeon)
Jewellery
 m - a ring of protection from cold (left hand)
   (You found it on level 1 of the Dungeon)
 o - a ring of flight
   (You found it on level 2 of the Dungeon)
 y - a ring of protection from fire (right hand)
   (You found it on level 4 of the Dungeon)
Wands
 s - a wand of flame (28)
   (You took it off Natasha on level 2 of the Dungeon)
Scrolls
 d - a scroll of immolation {unknown}
 h - 2 scrolls of teleportation {@r4}
 j - a scroll of brand weapon {unknown}
 k - a scroll of holy word {unknown}
 n - a scroll of noise {unknown}
 p - a scroll of fear
 t - a scroll of acquirement {unknown}
 u - a scroll of fog {unknown}
Potions
 r - 2 potions of heal wounds {@q2}
 v - a potion of lignification {unknown}
 w - a potion of mutation {unknown}
 x - a potion of invisibility {unknown}

Dungeon Overview and Level Annotations

Branches:
Dungeon (5/15)
 Temple: D:4-7

Altars:
Xom

#.# #. #.# #.# ####### #.# #.#
#...... #.# #.# #.##### # #.# #.#
#.##### # #.# #.# #......
########.#######.##########.#####
.................................
.#######.†######@##########.#####
.# #........Y# #.#
.#######......##.# #.#
..........######.# #.#####
...#####..######.# #...... .#.###
#...(.....# #.).... ..
...#..######'# #.##### ##.##.#..#
... #.#### .........# #....#


You could see a sky beast.


Message History

Found a scale mail.
Found an escape hatch in the ceiling.
r - 2 potions of heal wounds {@q2} (gained 1)
A goblin comes into view. It is wielding a +0 dagger.
The goblin shouts! 😎 MP[+1]
Aiming: Shock (safe; 1% risk of failure)
Press: ? - help, Q - select action, (/) - cycle Shift-Dir - straight line The zap misses the goblin.
The zap hits the goblin. 😎 MP[-1]
You lost 1 mp, and now have 12/14 mp.
Aiming: Shock (safe; 1% risk of failure)
Press: ? - help, Q - select action, (/) - cycle Shift-Dir - straight line The zap hits the goblin.
You kill the goblin! 😎 MP[-1]
You lost 1 mp, and now have 11/14 mp.
You hear the brisk rusting of a very distant drain.
Things that are here:
a +0 dagger {short}; a goblin corpse
There is an escape hatch in the ceiling here.
There is an escape hatch in the ceiling here. 😎 MP[+1]
Okay, then. 😎 MP[+1]
You now have 189 gold pieces (gained 4). 😎 MP[+1]
Your mp is fully restored (14).
Aiming: Shock (safe; 1% risk of failure)
Press: ? - help, Q - select action, (/) - cycle Shift-Dir - straight line, f - jelly
Aim: a jelly (wandering, hasn't noticed you, 100% to hit)
The zap hits the jelly. 😎 MP[-1]
You lost 1 mp, and now have 13/14 mp.
Casting: Shock (safe; 1% risk of failure)
Confirm with . or Enter, or press ? or * to list all spells.
The jelly is struck by an arc of lightning.
You are struck by an arc of lightning.
The jelly is struck by an arc of lightning.
The lightning grounds out.
The jelly hits you but does no damage. 😕 HP[-3] MP[-2]
You take 3 damage, and now have 33/36 hp.
You lost 2 mp, and now have 11/14 mp.
Casting: Static Discharge (safe; 2% risk of failure)
Confirm with . or Enter, or press ? or * to list all spells.
The jelly is struck by an arc of lightning.
You kill the jelly!
The lightning grounds out. 😕 MP[-2]
You lost 2 mp, and now have 9/14 mp.
You hear the brisk rusting of a very distant drain.
Things that are here:
a +0 dagger {short}; a +0 scale mail
Things that are here:
a +0 dagger {short}; a +0 robe; an orc corpse 😎 HP[+3] MP[+5]
Your hp is fully restored (36).
Your mp is fully restored (14).
You see here a +0 short sword {short}.
A sky beast comes into view.
You hear the brisk rusting of a very distant drain.
The sky beast misses you.
You hit the sky beast. Your kick misses the sky beast.
The sky beast flickers out of sight!
Deactivating autopickup; reactivate with Ctrl-A.
Something hits you. Something shocks you. Something hits you.
Something shocks you. 😮 HP[-15]
You take 15 damage, and now have 21/36 hp.
MASSIVE DAMAGE!! (PAUSE)
You barely miss something. Your kick misses something. Something hits you.
Something shocks you.
* * * LOW HITPOINT WARNING * * *
😨 HP[-8]
You take 8 damage, and now have 13/36 hp.
MASSIVE DAMAGE!! (PAUSE)
You miss something. You peck something.
A sky beast appears from thin air!
Reactivating autopickup.
The sky beast hits you but does no damage.
You hit the sky beast. Your kick misses the sky beast.
The sky beast closely misses you. The sky beast completely misses you.
You barely miss the sky beast. Your kick misses the sky beast.
The sky beast hits you but does no damage.
You miss the sky beast. Your kick misses the sky beast.
The sky beast barely misses you.
The sky beast hits you but does no damage.
You barely miss the sky beast. You peck the sky beast. The sky beast hits you.
* * * LOW HITPOINT WARNING * * *
The sky beast shocks you.
* * * LOW HITPOINT WARNING * * *
😱 HP[-8]
You take 8 damage, and now have 5/36 hp.
MASSIVE DAMAGE!! (PAUSE)
You sock the sky beast! Your peck misses the sky beast.
The sky beast misses you. 😱 HP[+1]
You hit the sky beast.
You peck the sky beast, but do no damage.
The sky beast hits you.
* * * LOW HITPOINT WARNING * * *
The sky beast shocks you.
You die...

Skill      XL: |  1  2  3  4  5  6 |
---------------+-------------------+-----
Conjurations   | 2 3 4 |  4.8
Air Magic      | 5 6 |  6.6
Spellcasting   | 3 4 |  4.0
Poison Magic   | 1 |  1.3
Dodging        | |  2.8
Stealth        | |  2.5

Action                   |  1- 3 |  4- 6 |  7- 9 || total
-------------------------+-------+-------+-------++-------
Melee: Unarmed           |     2 |       |       ||     2
       Peck              |     1 |       |     3 ||     4
       Mace              |       |     9 |     9 ||    18
       Kick              |       |     2 |       ||     2
 Cast: Shock             |    52 |   136 |     4 ||   192
       Static Discharge  |     3 |    21 |     3 ||    27
  Use: Scroll            |       |     7 |       ||     7
Armor: Robe              |       |     3 |     4 ||     7
Dodge: Dodged            |     3 |    19 |     5 ||    27

Levels and vault maps discovered:
D:1:      dpeg_arrival_rhombi, layout_basic, serial_shops, shop, st_stairs_5
D:2:      layout_loops_corners, ebering_ecumenical_altar_mist,
          minmay_rat_gold_closets, uniq_terence, uniq_natasha
D:3:      layout_rooms, xom_confusion_cloud
D:4:      layout_basic, cheibrodos_sewer_entry_bend, uniq_blork_the_orc,
          uniq_grinder
D:5:      layout_loops_corners, grunt_temple_overflow_cloverleaf,
          chequers_serial_rivers_small_3, nicolae_shop_overcharged_wands,
          uniq_menkaure

Notes
Turn   | Place    | Note
-------+----------+-------------------------------------------
     0 | D:1      | mortz the Tengu Air Elementalist began the quest for the
                  | Orb.
     0 | D:1      | Reached XP level 1. HP: 10/10 MP: 4/4
     0 | D:1      | magus.rc [v1.9.6]
     3 | D:1      | You pick up a book of Burglary and begin reading...
     3 | D:1      | You add the spells Passwall and Ensorcelled Hibernation to
                  | your library.
   273 | D:1      | Reached XP level 2. HP: 15/15 MP: 1/6
   367 | D:1      | Learned a level 2 spell: Static Discharge
   541 | D:1      | Found Mycozi's General Store.
  1131 | D:1      | Reached XP level 3. HP: 19/19 MP: 4/7
  1412 | D:2      | Noticed Natasha
  1439 | D:2      | Killed Natasha
  1440 | D:2      | Reached skill level 2 in Conjurations
  1440 | D:2      | Reached skill level 5 in Air Magic
  1440 | D:2      | Reached XP level 4. HP: 13/24 MP: 0/9
  1791 | D:2      | Identified the +6 mace of Unreason {vorpal, Fly rF+}
  2001 | D:2      | Found a faded altar of an unknown god.
  2037 | D:2      | Noticed Natasha
  2042 | D:2      | Killed Natasha
  2180 | D:2      | Reached skill level 3 in Spellcasting
  2252 | D:2      | Noticed Terence
  2257 | D:2      | Killed Terence
  2258 | D:2      | Reached skill level 3 in Conjurations
  2258 | D:2      | Gained mutation: Your magical nature lets you fly swiftly
                  | and evasively. [Tengu growth]
  2258 | D:2      | Reached XP level 5. HP: 15/28 MP: 0/10
  2316 | D:2      | Noticed Natasha
  2361 | D:2      | Killed Natasha
  2508 | D:2      | You add the spells Ignite Poison, Mephitic Cloud and
                  | Freezing Cloud to your library.
  3246 | D:3      | Reached XP level 6. HP: 32/32 MP: 6/12
  3317 | D:3      | Reached skill level 6 in Air Magic
  3395 | D:3      | Found a shimmering altar of Xom.
  3958 | D:3      | Reached skill level 4 in Conjurations
  4384 | D:4      | Reached skill level 1 in Poison Magic
  4409 | D:4      | Noticed a necrophage
  4516 | D:4      | You are sucked into a shaft and drop 1 floor!
  4516 | D:5      | Entered Level 5 of the Dungeon
  4516 | D:5      | Noticed an ice beast
  4527 | D:4      | Noticed Blork the orc
  4532 | D:4      | Killed Blork the orc
  4533 | D:4      | Reached skill level 4 in Spellcasting
  4533 | D:4      | Reached XP level 7. HP: 30/36 MP: 2/14
  4748 | D:4      | HP: 5/36 [sky beast (5)]
  4750 | D:4      | Slain by a sky beast

Vanquished Creatures
  Blork the orc (D:4)
  An orc priest (D:3)
  A hound (D:3)
  A jelly (D:4)
  Terence (D:2)
  Natasha (thrice) (D:2)
  An orc wizard (D:4)
  11 adders
  2 worms (D:3)
  3 dart slugs
  12 orcs
  7 bats
  8 endoplasms
  2 goblins
  5 hobgoblins
  4 jackals (D:2)
  4 quokkas
  8 ball pythons
  5 frilled lizards
  5 kobolds
  15 rats
100 creatures vanquished.

Vanquished Creatures (others)
  An adder (D:3)
  A worm (D:3)
  A ball python (D:3)
  2 rats (D:3)
5 creatures vanquished.

Grand Total: 105 creatures vanquished

Table legend:
 A = Non-vault XP
 B = Vault XP
 C = Vault XP percentage of total XP
 D = Non-vault monster count
 E = Vault monster count
 F = Vault count percentage of total count
                 A         B        C        D         E       F
            +---------+---------+-------+---------+---------+-------
      Total |     482 |     221 |  31.4 |      80 |      23 |  22.3
            +---------+---------+-------+---------+---------+-------
        D:1 |      30 |       4 |  11.8 |      17 |       2 |  10.5
        D:2 |     147 |      81 |  35.5 |      21 |       8 |  27.6
        D:3 |     185 |      42 |  18.5 |      30 |      12 |  28.6
        D:4 |     120 |      94 |  43.9 |      12 |       1 |   7.7
            +---------+---------+-------+---------+---------+-------

Illustrated notes

Table legend:
 A = Kills in this place as a percentage of kills in entire the game.
 B = Kills by you in this place as a percentage of kills by you in the entire game.
 C = Kills by friends in this place as a percentage of kills by friends in the entire game.
 D = Other kills in this place as a percentage of other kills in the entire game.
 E = Experience gained in this place as a percentage of experience gained in the entire game.
 F = Experience gained in this place divided by the number of levels of this place that you have seen.
                   A       B       C       D       E      F
               +-------+-------+-------+-------+-------+----------------------
         Total | 100.0 | 100.0 |   N/A | 100.0 | 100.0 | 140.6
       Dungeon | 100.0 | 100.0 |   N/A | 100.0 | 100.0 | 140.6
               +-------+-------+-------+-------+-------+----------------------

Table legend: (Time is in decaauts)
 A = Elapsed time spent in this place.
 B = Non-inter-level travel time spent in this place.
 C = Inter-level travel time spent in this place.
 D = Time resting spent in this place.
 E = Time spent auto-exploring this place.
 F = Levels seen in this place.
 G = Mean time per level.
                   A        B        C        D        E       F      G
               +--------+--------+--------+--------+--------+-----+--------+
         Total |   4653 |   4513 |    140 |    655 |   3077 |   5 |  930.6 |
       Dungeon |   4653 |   4513 |    140 |    655 |   3077 |   5 |  930.6 |
               +--------+--------+--------+--------+--------+-----+--------+

Top non-repeatable levels by time:
     D:2: 1659 daAuts
     D:1: 1382 daAuts
     D:3: 1180 daAuts
     D:4: 423 daAuts
     D:5: 8 daAuts
